 Dungeon Crawl Stone Soup version 0.17.1-3-g152610e (webtiles) character file.

131 Urist the Conjurer (level 4, 0/27 HPs)
             Began as a High Elf Conjurer on Apr 8, 2016.
             Succumbed to a worker ant's poison
             ... on level 4 of the Dungeon.
             The game lasted 00:11:41 (3129 turns).

Urist the Conjurer (High Elf Conjurer)              Turns: 3129, Time: 00:11:41

Health: 0/27       AC:  3    Str:  7    XL:     4   Next: 91%
Magic:  2/9        EV: 13    Int: 20    God:
Gold:   139        SH:  0    Dex: 15    Spells: 3 memorised, 3 levels left

rFire  . . .     SeeInvis .     g - +0 dagger
rCold  . . .     Clarity  .     a - +1 robe
rNeg   . . .     SustAt   .     (no shield)
rPois  .         Gourm    .     (no helmet)
rElec  .         Spirit   .     (no cloak)
rCorr  .         Warding  .     (no gloves)
rMut   .         Stasis   .     (no boots)
MR     .....                    (no amulet)
Stlth  ++........               (no ring)
                                (no ring)

@: lethally poisoned (0 -> -3), not resistant to hostile enchantments,
unstealthy
A: no striking features
a: no special abilities


You were on level 4 of the Dungeon.
You were not hungry.

You visited 1 branch of the dungeon, and saw 4 of its levels.

You collected 139 gold pieces.

Inventory:

Hand Weapons
 g - a +0 dagger (weapon)
Armour
 a - a +1 robe (worn)
Scrolls
 e - 2 scrolls of remove curse
 f - 4 scrolls of magic mapping
 r - a scroll of fear
 s - a scroll of noise
Potions
 j - a potion of agility
 k - a potion of might
Books
 b - a book of Conjurations

   Spells                             Type                      Level
   a - Magic Dart                     Conjuration                  1
   b - Searing Ray                    Conjuration                  2
   c - Dazzling Spray                 Conjuration/Hexes            3
   d - Fulminant Prism                Conjuration/Hexes            4
   e - Iskenderun's Mystic Blast      Conjuration                  4
   f - Iskenderun's Battlesphere      Conjuration/Charms           5
Comestibles
 c - 3 bread rations
 i - a beef jerky


   Skills:
 + Level 0.2 Fighting
 + Level 3.1 Dodging
 + Level 2.6 Stealth
 + Level 3.3 Spellcasting
 + Level 5.7 Conjurations
 + Level 0.4 Hexes


You had 3 spell levels left.
You knew the following spells:

 Your Spells              Type           Power        Failure   Level  Hunger
a - Magic Dart            Conj           ####         1%          1    None
b - Searing Ray           Conj           ####..       1%          2    ##.....
c - Dazzling Spray        Conj/Hex       ###.....     14%         3    ###....


Dungeon Overview and Level Annotations

Branches:
Dungeon (4/15)
 Temple: D:4-7

Altars:
Nemelex Xobeh
Ru
Yredelemnul
The Shining One


Message History

The searing ray hits the worker ant.
You kill the worker ant!
* * * LOW HITPOINT WARNING * * *
You feel sick.
There is a lethal amount of poison in your body!
Drink which item? (? for menu, Esc to quit)
Okay, then.
* * * LOW HITPOINT WARNING * * *
You feel sick.
* * * LOW HITPOINT WARNING * * *
You feel sick.
* * * LOW HITPOINT WARNING * * *
You feel sick.
Drink which item? (? for menu, Esc to quit)
You feel magically purged.
* * * LOW HITPOINT WARNING * * *
You feel sick.
Read which item? (? for menu, Esc to quit)
Okay, then.
You die...

#+ #.# #.# ###
##.##
....###.§.######
.....†<........##
....###§..###...#
... ##.##
#...####.# .. ###
#...@....# .
##########


There were no monsters in sight!

Vanquished Creatures
  Terence (D:2)
  A worker ant (D:4)
  2 adders (D:2)
  An ooze (D:1)
  A worm (D:3)
  A giant gecko (D:1)
  4 giant cockroaches
  5 goblins
  9 hobgoblins
  2 quokkas
  3 bats
  3 giant newts
  9 jackals
  7 kobolds
  7 rats
56 creatures vanquished.

Notes
Turn   | Place    | Note
--------------------------------------------------------------
     0 | D:1      | Urist the High Elf Conjurer began the quest for the Orb.
     0 | D:1      | Reached XP level 1. HP: 11/11 MP: 4/4
   345 | D:1      | Reached XP level 2. HP: 17/17 MP: 0/6
   577 | D:1      | Reached skill level 5 in Conjurations
  1046 | D:2      | Learned a level 2 spell: Searing Ray
  1053 | D:2      | Reached XP level 3. HP: 21/21 MP: 5/7
  1479 | D:2      | Learned a level 3 spell: Dazzling Spray
  1681 | D:2      | Noticed Terence
  2084 | D:2      | Found a glowing golden altar of the Shining One.
  2315 | D:2      | Killed Terence
  2315 | D:2      | Reached XP level 4. HP: 20/27 MP: 2/9
  3038 | D:3      | Found a sparkling altar of Nemelex Xobeh.
  3063 | D:3      | Found a sacrificial altar of Ru.
  3063 | D:3      | Found a basalt altar of Yredelemnul.
  3124 | D:4      | HP: 1/27 [poisoned by a worker ant]
  3129 | D:4      | Succumbed to a worker ant's poison

Action                   |  1- 3 |  4- 6 || total
-------------------------+-------+-------++-------
Melee: Dagger            |    27 |       ||    27
 Cast: Magic Dart        |    70 |    41 ||   111
       Dazzling Spray    |     5 |       ||     5
       Searing Ray       |     1 |     1 ||     2
  Use: Scroll            |     5 |     8 ||    13
       Potion            |     2 |     2 ||     4
 Stab: Sleeping          |     4 |       ||     4
  Eat: Bread ration      |     1 |       ||     1
       Chunk             |       |     3 ||     3
